 Dungeon Crawl Stone Soup version 0.31-a0-117-g42d8f58691 (webtiles) character file.

Game seed: 18038590465687166405

188156 rjrrt the Executioner (level 17, -2/237 HPs)
             Began as a Minotaur Berserker on May 31, 2023.
             Was the Champion of Trog.
             Slain by an imperial myrmidon
             ... wielding a +0 scimitar
              (9 damage)
             ... in the Desolation of Salt.
             The game lasted 01:00:15 (29869 turns).

rjrrt the Executioner (Minotaur Berserker)         Turns: 29869, Time: 01:00:16

Health: -2/237     AC: 22    Str: 21    XL:     17   Next: 46%
Magic:  16/16      EV: 23    Int:  4    God:    Trog [******]
Gold:   1876       SH:  0    Dex: 23    Spells: 16/16 levels left

rFire   . . .        a - +7 executioner's axe of the Vanishing Eyes {speed, Will+}
rCold   . . .        (shield currently unavailable)
rNeg    . . .        E - +3 chain mail "Biusoant" {rPois Dex+4}
rPois   +            M - +0 hat
rElec   .            P - +0 cloak
rCorr   .            z - +0 pair of gloves
SInv    .            U - +1 pair of boots {Stlth+}
Will    +....        m - amulet of reflection Stlth
                     D - +5 ring of evasion
HPRegen 0.59/turn    x - +4 ring of slaying
MPRegen 0.15/turn

%: reflection
@: confused, berserking (expiring), weak-willed, very quick
A: horns 2, retaliatory headbutt
}: 1/15 runes: serpentine
a: Renounce Religion, Berserk, Trog's Hand, Brothers in Arms


You were in the Desolation of Salt.
You worshipped Trog.
Trog was exalted by your worship.
You visited 5 branches of the dungeon, and saw 27 of its levels.
You also visited: Ice Cave and Desolation.

You collected 2975 gold pieces.
You spent 1099 gold pieces at shops.

Inventory:

Hand Weapons
 a - the +7 executioner's axe of the Vanishing Eyes (weapon) {speed, Will+}
   (You acquired it on level 11 of the Dungeon)

   Will:      It increases your willpower.
 f - the +5 executioner's axe of Fekhocle {flame, rN+}
   (Trog gifted it to you on level 2 of the Lair of Beasts)

   rN:        It protects you from negative energy.
 l - a +7 antimagic executioner's axe
 R - a +1 executioner's axe
 T - a +2 glaive of venom
Missiles
 j - 11 javelins (quivered)
 p - a throwing net
 Q - 4 silver javelins
Armour
 z - a +0 pair of gloves (worn)
 E - the +3 chain mail "Biusoant" (worn) {rPois Dex+4}
   (You found it on level 10 of the Dungeon)

   Dex:       It affects your dexterity (+4).
   rPois:     It protects you from poison.
 M - a +0 hat (worn)
 N - +0 fire dragon scales
 P - a +0 cloak (worn)
 U - a +1 pair of boots of stealth (worn)
 X - a +4 plate armour of cold resistance
Jewellery
 c - the ring "Doenn" {rPois rN+ Str-5 Dex+3}
   (You found it in the Desolation of Salt)

   [ring of positive energy]

   Str:       It affects your strength (-5).
   Dex:       It affects your dexterity (+3).
   rPois:     It protects you from poison.
   rN:        It protects you from negative energy.
 g - a ring of flight
 m - an amulet of reflection (around neck)
 x - a +4 ring of slaying (right hand)
 D - a +5 ring of evasion (left hand)
 J - the ring of Megalomania {rElec rN+++ rCorr MP-9 Int-5}
   (You took it off an orc knight on level 10 of the Dungeon)

   [ring of resist corrosion]

   Int:       It affects your intelligence (-5).
   rElec:     It insulates you from electricity.
   rN:        It renders you almost immune to negative energy.
   MP:        It affects your magic capacity (-9).
   rCorr:     It protects you from acid and corrosion.
Wands
 w - a wand of flame (8)
 y - a wand of charming (12)
 A - a wand of mindburst (8)
 C - a wand of roots (3)
 O - a wand of quicksilver (30)
Scrolls
 e - 10 scrolls of teleportation
 q - 3 scrolls of fear
 u - a scroll of blinking
 F - 3 scrolls of fog
 G - 3 scrolls of magic mapping
 H - 4 scrolls of silence
 I - 6 scrolls of identify
 W - a scroll of poison
Potions
 b - 4 potions of invisibility
 d - 11 potions of curing
 h - a potion of berserk rage
 i - 4 potions of resistance
 k - 3 potions of enlightenment
 n - 5 potions of heal wounds
 o - 9 potions of might
 r - 3 potions of ambrosia
 t - 4 potions of lignification
 v - 5 potions of mutation
 B - 5 potions of haste
 V - a potion of cancellation
Miscellaneous
 K - a phial of floods
 L - a box of beasts


   Skills:
 + Level 16.2 Fighting
 * Level 22.9 Axes
 - Level 4.0 Throwing
 + Level 15.9 Armour
 + Level 14.4 Dodging
 - Level 11.0 Evocations


You had 16 spell levels left.
You didn't know any spells.
Your spell library was empty.

Dungeon Overview and Level Annotations

Branches:
Dungeon (15/15)            Temple (0/1) D:7            Lair (5/5) D:10
  Swamp (0/4) Lair:2        Snake (4/4) Lair:3        Slime (0/5) Lair:4
    Orc (2/2) D:12            Elf (0/3) Orc:2        Vaults (1/5) D:14
 Depths (0/4) D:15          IceCv (visited)         Desolation (1/1)

Altars:
Fedhas
Gozag
Nemelex Xobeh
Ru
Uskayaw
Yredelemnul
Zin
Jiyva

Shops:
D:5 *   D:10 *   D:11 ?   D:15 [   Orc:2 *(=[   Snake:3 =!(*   Snake:4 (

Portals:
Abyss: Snake:1

Annotations:
Snake:1 2 transporters, browni3141's ghost, journeyman BaHu


Innate Abilities, Weirdness & Mutations

You have a pair of horns on your head.
You reflexively headbutt those who attack you in melee.


Message History

You completely miss the servant of whispers.
You miss the guardian serpent.
You completely miss the imperial myrmidon.
You slash the ragged hierophant! You slash the saltling!
A saltling comes into view.
The saltling barely misses you.
The imperial myrmidon casts a spell at you.
Your body is wracked with pain!
* * * LOW HITPOINT WARNING * * *
You are too injured to fight recklessly!
Unknown command.
You barely miss the servant of whispers.
You headbutt the servant of whispers!
The servant of whispers is almost dead.
You closely miss the imperial myrmidon. You slice the ragged hierophant!!
You hit the saltling.
You open the ragged hierophant like a pillowcase!!!
You kill the ragged hierophant!
Trog accepts your kill.
Trog appreciates your killing of a magic user.
You slice the guardian serpent!! The guardian serpent barely misses you.
The servant of whispers closely misses you.
The servant of whispers misses you.
The ragged hierophant hits you but does no damage.
The servant of whispers misses you.
You slice the guardian serpent like a ripe choko!!!
You kill the guardian serpent!
Trog accepts your kill.
Trog appreciates your killing of a magic user.
You closely miss the imperial myrmidon. You slash the ragged hierophant!
You kill the ragged hierophant!
Trog accepts your kill.
Trog appreciates your killing of a magic user.
You hit the saltling but do no damage. You slash the servant of whispers!
You kill the servant of whispers!
Trog accepts your kill. The saltling misses you.
A saltling comes into view.
The imperial myrmidon hits you with a +0 scimitar!
You die...

.. .. ... ...#. #..
#.##[..)## .9.#
...###.......# ..9#
#.9..#...9..#p...#
.#....#.:..[.#....#
.....a.....#.....
......9.##.#....
..a..a)@))#.....
.9.....)a).#......##
..9............ ..#
................ #
...........##....
............##...
.##....##....#...
...................
...................


You could see 3 servants of whispers, an imperial myrmidon and 5 saltlings.

Vanquished Creatures
  Nikola (Snake:2)
  Rupert (D:13)
  2 quicksilver dragons (Snake:4)
  3 azure jellies (IceCv)
  4 nagarajas (Snake:4)
  Roxanne (Snake:3)
  A rockslime (IceCv)
  Aizul (Snake:4)
  An orc warlord (Orc:2)
  A juggernaut zombie (D:15)
  5 quicksilver oozes (IceCv)
  A very ugly thing (D:15)
  6 ragged hierophants (Desolation)
  A rakshasa (D:13)
  A servant of whispers (Desolation)
  5 salamander tyrants
  4 hydras
  3 centaur warriors
  Erolcha (D:12)
  3 vault guards (D:14)
  2 anacondas (Snake:4)
  A peacekeeper (Desolation)
  An ogre mage (D:14)
  7 two-headed ogres
  A catoblepas (Lair:5)
  11 naga warriors
  3 boulder beetles
  7 naga sharpshooters
  A vampire mage (D:15)
  5 shock serpents
  Urug (D:11)
  An orc high priest (Orc:2)
  3 salamander mystics
  A skyshark (Lair:5)
  A fire crab (Lair:2)
  6 skeletal warriors (D:15)
  2 orange crystal statues (IceCv)
  2 ironbound convokers (Desolation)
  3 naga ritualists
  A necromancer (D:15)
  A lindwurm (Lair:5)
  A shadow dragon zombie (D:15)
  3 deep elf pyromancers
  Pikel (D:4)
  11 orc knights
  5 mana vipers
  7 cyclopes
  8 orc sorcerers
  4 manticores
  2 oklob plants (Lair:4)
  5 ugly things
  A manticore (shapeshifter) (D:10)
  A stone giant skeleton (D:15)
  44 black mambas
  An ice statue (Snake:1)
  2 guardian serpents (shapeshifter)
  12 salamanders
  3 elephants (Lair:5)
  6 guardian serpents
  12 cane toads
  7 naga magi
  2 freezing wraiths
  A kobold demonologist (D:10)
  4 rime drakes
  8 komodo dragons
  3 efreet
  2 unseen horrors (D:12)
  A tengu conjurer (D:14)
  7 trolls
  A wolf spider simulacrum (D:15)
  3 meliai (D:14)
  7 polar bears
  29 blink frogs
  8 hornets
  A meliai (shapeshifter) (D:15)
  2 tyrant leeches (Lair:2)
  7 dream sheep (Lair:5)
  18 saltlings (Desolation)
  Grinder (D:3)
  26 slime creatures
  4 shadows
  2 wraiths
  Sigmund (D:3)
  12 spriggans (Lair:5)
  A vampire (D:14)
  6 wyverns
  30 yaks
  A human (D:14)
  3 basilisks
  9 vampire mosquitoes
  2 steam dragons
  37 nagas
  An acid dragon (D:10)
  4 swamp worms (Lair:2)
  5 wargs
  24 water moccasins
  42 orc warriors
  A sky beast (D:7)
  5 black bears
  4 great orb of eyes simulacra (IceCv)
  35 wolves
  10 centaurs
  5 boggarts
  4 ogres
  2 phantoms (D:6)
  A slime creature simulacrum (IceCv)
  A lemure (D:4)
  3 kobold brigands
  13 bullfrogs
  3 gnoll sergeants
  3 scorpions
  6 glowing shapeshifter simulacra (IceCv)
  7 wights (D:10)
  20 killer bees
  3 howler monkeys
  4 electric eels
  A jelly (D:7)
  6 hounds
  10 orc priests
  2 gnoll boudas
  2 sleepcaps
  An iguana (D:6)
  24 orc wizards
  25 gnolls
  8 adders
  A shadow imp (D:7)
  A white imp (D:7)
  A worm (D:2)
  2 dart slugs
  83 orcs
  5 endoplasms
  7 giant cockroaches
  5 goblins
  3 hobgoblins
  3 jackals (D:1)
  A quokka (D:4)
  4 ball pythons
  3 bats
  4 frilled lizards
  19 kobolds
  7 rats
916 creatures vanquished.

Vanquished Creatures (collateral kills)
  A salamander tyrant (Snake:4)
  A naga sharpshooter (Snake:4)
  A deep elf archer (D:14)
  A deep elf pyromancer (D:10)
  A fire giant zombie (D:15)
  A freezing wraith (D:10)
6 creatures vanquished.

Grand Total: 922 creatures vanquished

Notes
Turn   | Place    | Note
-------+----------+-------------------------------------------
     0 | D:1      | rjrrt the Minotaur Berserker began the quest for the Orb.
     0 | D:1      | Reached XP level 1. HP: 19/19 MP: 0/0
    78 | D:1      | Reached skill level 4 in Axes
   113 | D:1      | Reached XP level 2. HP: 26/26 MP: 1/1
   355 | D:1      | Reached ** piety under Trog
   638 | D:1      | Reached skill level 5 in Axes
   795 | D:2      | Reached XP level 3. HP: 24/31 MP: 2/2
   989 | D:2      | Found a sacrificial altar of Ru.
  1410 | D:2      | Reached XP level 4. HP: 27/39 MP: 3/3
  1414 | D:2      | Reached skill level 6 in Axes
  1707 | D:3      | Found a faded altar of an unknown god.
  2092 | D:3      | Noticed Grinder
  2098 | D:3      | Killed Grinder
  2099 | D:3      | Reached skill level 8 in Axes
  2099 | D:3      | Reached XP level 5. HP: 45/45 MP: 4/4
  2165 | D:3      | Identified the +0 robe "Joirauw" {Dex+4 Stlth+}
  2186 | D:3      | Reached XP level 6. HP: 51/51 MP: 5/5
  2292 | D:3      | Noticed Sigmund
  2302 | D:3      | Killed Sigmund
  2303 | D:3      | Reached skill level 9 in Axes
  2788 | D:4      | Reached XP level 7. HP: 57/57 MP: 6/6
  2871 | D:4      | Noticed Pikel
  2885 | D:4      | Killed Pikel
  2886 | D:4      | Reached skill level 10 in Axes
  2950 | D:4      | Reached *** piety under Trog
  3001 | D:4      | Reached XP level 8. HP: 67/67 MP: 7/7
  3025 | D:4      | Found a hide-covered altar of Uskayaw.
  3025 | D:4      | Found a blossoming altar of Fedhas.
  3026 | D:4      | Found a basalt altar of Yredelemnul.
  3052 | D:4      | Reached skill level 5 in Fighting
  3311 | D:5      | Entered Level 5 of the Dungeon
  3813 | D:5      | Found Plog's Assorted Antiques.
  3826 | D:5      | Bought a scroll labelled NURATUN TERGHE for 30 gold pieces
  3826 | D:5      | Bought a scroll labelled MIEBYT ATOTSEH for 30 gold pieces
  3826 | D:5      | Bought a scroll labelled SIMOIT OSATUPUTU for 30 gold
                  | pieces
  3826 | D:5      | Bought 2 smoky black potions for 54 gold pieces
  4221 | D:6      | Reached skill level 5 in Armour
  4328 | D:6      | Identified the staff of fire "Sanyty" {rF+ rC+ Str+4 SInv
                  | Stlth-}
  4602 | D:6      | Reached skill level 11 in Axes
  4602 | D:6      | Reached skill level 1 in Evocations
  4626 | D:6      | Noticed a cyclops
  4634 | D:6      | Reached skill level 5 in Dodging
  4639 | D:6      | Killed a cyclops
  4640 | D:6      | Reached XP level 9. HP: 78/78 MP: 8/8
  4908 | D:6      | Identified the +0 leather armour of the Shore {Dex+3}
  4917 | D:6      | Reached **** piety under Trog
  5630 | D:7      | Reached skill level 12 in Axes
  5735 | D:7      | Found a glowing silver altar of Zin.
  5912 | D:7      | Found a staircase to the Ecumenical Temple.
  6064 | D:8      | Identified the +1 buckler of Monotheism {Will+ Dex+4}
  6199 | D:8      | Reached XP level 10. HP: 86/86 MP: 9/9
  7421 | D:9      | Reached ***** piety under Trog
  7428 | D:9      | Reached skill level 13 in Axes
  7506 | D:9      | Found a sparkling altar of Nemelex Xobeh.
  7531 | D:10     | Entered Level 10 of the Dungeon
  7531 | D:10     | Found a staircase to the Lair.
  7540 | D:10     | Noticed a two-headed ogre
  7594 | D:10     | Noticed a tengu warrior
  7594 | D:10     | Noticed a boulder beetle
  7594 | D:10     | Noticed a deep elf pyromancer
  7595 | D:10     | Noticed a fire dragon
  7595 | D:10     | Noticed a centaur warrior
  7598 | D:10     | Noticed an ogre mage
  7599 | D:10     | Noticed an ogre mage
  7662 | D:10     | Found Gozag's Platinum Reserve.
  7873 | D:10     | Noticed a fire crab
  7901 | D:10     | Found an opulent altar of Gozag.
  8386 | D:10     | Noticed a golden dragon
  8393 | D:10     | Noticed an iron giant
  8397 | D:10     | Killed a two-headed ogre
  8468 | D:10     | Identified the +3 chain mail "Biusoant" {rPois Dex+4}
  8541 | D:10     | Noticed a formless jellyfish
  8556 | D:10     | You fall into a shaft and drop 1 floor!
  8556 | D:11     | Found Wyammauv's Magic Scroll Shoppe.
  8561 | D:11     | Bought a scroll of fear for 40 gold pieces
  8561 | D:11     | Bought a scroll of fog for 40 gold pieces
  8561 | D:11     | Bought a scroll of magic mapping for 75 gold pieces
  8561 | D:11     | Bought a scroll of teleportation for 30 gold pieces
  8561 | D:11     | Bought a scroll of silence for 95 gold pieces
  8561 | D:11     | Bought a scroll of identify for 20 gold pieces
  8561 | D:11     | Bought a scroll of identify for 20 gold pieces
  8561 | D:11     | Bought a scroll of identify for 20 gold pieces
  8578 | D:11     | Noticed Urug
  8586 | D:11     | Killed Urug
  8587 | D:11     | Reached skill level 14 in Axes
  8587 | D:11     | Reached XP level 11. HP: 95/95 MP: 10/10
  8744 | D:11     | Noticed a two-headed ogre
  8747 | D:11     | Killed a two-headed ogre
  8760 | D:11     | Reached skill level 5 in Evocations
  8974 | D:10     | Noticed a two-headed ogre
  8979 | D:10     | Killed a two-headed ogre
  9010 | D:10     | Identified the ring of Megalomania {rElec rN+++ rCorr MP-9
                  | Int-5}
  9010 | D:10     | Noticed an orc knight
  9023 | D:10     | Killed an orc knight
  9027 | D:10     | Noticed a deep elf pyromancer
  9056 | D:10     | Killed a deep elf pyromancer
  9066 | D:10     | Noticed an entropy weaver
  9090 | D:10     | Reached skill level 15 in Axes
  9372 | D:11     | Received a gift from Trog
  9387 | D:11     | Identified a scroll of acquirement
  9387 | D:11     | Acquired the +7 executioner's axe of the Vanishing Eyes
                  | {speed, Will+}
  9420 | D:11     | Found a transporter.
  9550 | D:11     | Reached skill level 10 in Fighting
  9970 | Lair:1   | Entered Level 1 of the Lair of Beasts
 10013 | Lair:1   | Reached XP level 12. HP: 106/106 MP: 11/11
 10175 | Lair:1   | Reached skill level 10 in Armour
 10413 | Lair:1   | Reached skill level 16 in Axes
 11165 | Lair:2   | Identified the +5 executioner's axe of Fekhocle {flame,
                  | rN+} (Trog gifted it to you on level 2 of the Lair of
                  | Beasts)
 11165 | Lair:2   | Received a gift from Trog
 11578 | Lair:2   | Found a staircase to the Swamp.
 12259 | Lair:3   | Reached XP level 13. HP: 116/116 MP: 12/12
 12295 | Lair:3   | Reached skill level 10 in Dodging
 12367 | Lair:3   | Reached skill level 17 in Axes
 12487 | Lair:3   | Found a staircase to the Snake Pit.
 13563 | Lair:4   | Identified the +1 falchion "Irocam" {heavy, rElec rN+}
 13571 | Lair:4   | Found a viscous altar of Jiyva.
 13572 | Lair:4   | Found a staircase to the Slime Pits.
 13938 | Lair:5   | Entered Level 5 of the Lair of Beasts
 14170 | Lair:5   | Reached skill level 18 in Axes
 14204 | Lair:5   | Received a gift from Trog
 14355 | Lair:5   | Reached XP level 14. HP: 104/127 MP: 13/13
 14747 | Lair:5   | Reached ****** piety under Trog
 14848 | Lair:5   | Received a gift from Trog
 14960 | Lair:5   | Paralysed by a hornet for 1 turns
 15582 | D:10     | Noticed a caustic shrike
 15989 | D:12     | Received a gift from Trog
 15990 | D:12     | Reached skill level 19 in Axes
 16348 | D:12     | Identified the +0 flail of Tomorrow {freeze, Dex+3}
 16401 | D:12     | Noticed Erolcha
 16411 | D:12     | Killed Erolcha
 16623 | D:12     | Found a staircase to the Orcish Mines.
 16741 | Orc:1    | Entered Level 1 of the Orcish Mines
 17611 | Orc:2    | Entered Level 2 of the Orcish Mines
 17793 | Orc:2    | Found Cighogur's General Store.
 17832 | Orc:2    | Noticed an orc warlord
 17845 | Orc:2    | Killed an orc warlord
 17853 | Orc:2    | Found Pamp's Antique Weapon Shoppe.
 18078 | Orc:2    | Found a staircase to the Elven Halls.
 18113 | Orc:2    | Received a gift from Trog
 18162 | Orc:2    | Found Wosaxt's Jewellery Shop.
 18232 | Orc:2    | Found Cinnecudgh's Antique Armour Shoppe.
 18478 | Orc:2    | Bought a pair of embroidered boots for 210 gold pieces
 19058 | D:13     | Reached XP level 15. HP: 131/137 MP: 14/14
 19530 | D:13     | Noticed Rupert
 19538 | D:13     | Killed Rupert
 19539 | D:13     | Reached skill level 20 in Axes
 20055 | D:14     | Found a gate to the Vaults.
 20155 | D:14     | Identified the +2 long sword of Jomen {vamp, rF+ rN+ Dex+3}
 20795 | D:15     | Entered Level 15 of the Dungeon
 21015 | D:15     | Received a gift from Trog
 21317 | D:15     | Found a staircase to the Depths.
 21889 | D:15     | Found Tanoe's Armour Shop.
 22073 | D:15     | Reached skill level 10 in Evocations
 22507 | Snake:1  | Entered Level 1 of the Snake Pit
 22531 | Snake:1  | Found a frozen archway.
 22544 | IceCv    | Entered an ice cave
 22968 | IceCv    | Reached skill level 21 in Axes
 23071 | IceCv    | Noticed an azure jelly
 23073 | IceCv    | Found a viscous altar of Jiyva.
 23073 | IceCv    | Noticed an azure jelly
 23080 | IceCv    | Killed an azure jelly
 23080 | IceCv    | Received a gift from Trog
 23081 | IceCv    | Reached XP level 16. HP: 143/147 MP: 15/15
 23270 | IceCv    | Identified the orb "Ripihishi" {guile, Str+3}
 24065 | Snake:1  | Noticed a hellephant
 24066 | Snake:1  | Noticed browni3141's ghost (journeyman BaHu)
 24066 | Snake:1  | Noticed a tentacled starspawn
 24067 | Snake:1  | Found a one-way gate to the infinite horrors of the Abyss.
 24145 | Snake:1  | Found a transporter.
 24153 | Snake:1  | Found a transporter.
 24336 | Snake:1  | Reached skill level 15 in Fighting
 25090 | Snake:2  | Noticed Nikola
 25096 | Snake:2  | Killed Nikola
 25242 | Snake:2  | Received a gift from Trog
 25250 | Snake:2  | Reached skill level 15 in Armour
 25915 | Snake:3  | Identified the +5 great mace "Xom's Entertainment" {heavy,
                  | rF+}
 26183 | Snake:3  | Identified Roxanne's Verses on Clay
 26183 | Snake:3  | Noticed Roxanne
 26193 | Snake:3  | Killed Roxanne
 26356 | Snake:3  | Reached skill level 22 in Axes
 26374 | Snake:3  | Reached skill level 1 in Throwing
 26518 | Snake:3  | Identified the +4 quarterstaff "Misygad" {elec, rElec rF+}
 26696 | Snake:3  | Found Wudoskan's General Store.
 26697 | Snake:3  | Found Toawye's Weapon Boutique.
 26709 | Snake:3  | Bought a potion of heal wounds for 65 gold pieces
 26719 | Snake:3  | Found Cybiq's Distillery.
 26719 | Snake:3  | Found Faahup's Jewellery Shoppe.
 26727 | Snake:3  | Bought a potion of haste for 170 gold pieces
 26727 | Snake:3  | Bought a potion of haste for 170 gold pieces
 26878 | Snake:4  | Entered Level 4 of the Snake Pit
 27533 | Snake:4  | Received a gift from Trog
 28036 | Snake:4  | Reached XP level 17. HP: 157/157 MP: 16/16
 28079 | Snake:4  | Found Nauxid's Antique Weapon Shoppe.
 28854 | Snake:4  | Noticed a quicksilver dragon
 28854 | Snake:4  | Noticed a quicksilver dragon
 28862 | Snake:4  | Killed a quicksilver dragon
 28863 | Snake:4  | Killed a quicksilver dragon
 28907 | Snake:4  | Got a serpentine rune of Zot
 29125 | Snake:4  | Noticed Aizul
 29135 | Snake:4  | Killed Aizul
 29491 | D:10     | Noticed a golden dragon
 29578 | Vaults:1 | Entered Level 1 of the Vaults
 29603 | Vaults:1 | Found a crumbling gateway.
 29612 | Desolati | Entered the Desolation of Salt
 29808 | Desolati | Identified the ring "Doenn" {rPois rN+ Str-5 Dex+3}
 29866 | Desolati | HP: 10/237 [guardian serpent (8)]
 29869 | Desolati | Slain by an imperial myrmidon

Illustrated notes

Levels and vault maps discovered:
D:1:      mrwooster_arrival_statue_3, layout_basic, minivault_14, minivault_4
D:2:      layout_loops_ring, basic_altar, st_stairs_10
D:3:      layout_loops_corners, shapermc_ecumenical_altar_ellora, wad_orctagon,
          uniq_sigmund, uniq_grinder
D:4:      layout_rooms, chequers_temple_overflow_statue_of_worship,
          columned_hall_lemuel, minivault_25, uniq_pikel
D:5:      layout_gridville, serial_shops, shop
D:6:      layout_layer_cave, serial_glass, glass_columns_a, glass_columns_a,
          minmay_quadrilaterals
D:7:      layout_rooms, general_overflow_altar, minmay_temple_entry_nine_rooms
D:8:      layout_basic
D:9:      layout_basic, lemuel_coloured_pillars_altar
D:10:     minmay_the_grid_octo_2x2 [minmay_the_grid_octo_checkered,
          minmay_the_grid_octo_pinwheel, minmay_the_grid_octo_thin_diamonds,
          minmay_the_grid_octo_prize_star], layout_basic,
          nicolae_gozag_zags_fifth_avenue, serial_bayou_pond_b, minivault_12
D:11:     layout_gridville, serial_shops, shop, nicolae_diode_basic, uniq_urug
D:12:     layout_loops_corners, erik_orc_2, special_room [special_room_orc],
          uniq_erolcha
D:13:     layout_loops_corners, uniq_rupert
D:14:     layout_loops_ring, grunt_vaults_entry_fortified, minmay_misc_feat_room
D:15:     gammafunk_depths_entry_grave, layout_irregular_city,
          nicolae_eternal_life, serial_shops, nicolae_shop_mannequins,
          minmay_mirror_moons_of_madness
Lair:1:   layout_loops_ring, serial_bayou_shore_b, grunt_megastairs_2
Lair:2:   layout_misc_corridors, minmay_swamp_entry_worms, serial_bayou_pond_e,
          beast_lair_carwin_7, infiniplex_staircase_pool_2, lemuel_fruit_tree
Lair:3:   layout_long_grid, dummy_snake_entry, nicolae_quartered_pool_medium,
          chequers_serial_rivers_micro_d, st_stairs_12,
          chequers_serial_rivers_large_b
Lair:4:   layout_long_grid, minmay_slime_entry_oklob_open
Lair:5:   minmay_lair_end_enchanted_forest, layout_gridlike
Snake:1:  layout_layer_cave, portal_ice_cave_entry_ice_statue_one,
          gammafunk_ghost_abyssal_escape, drop_trap
Snake:2:  layout_honeycomb, uniq_nikola
Snake:3:  layout_cave_pods, nicolae_snake_serpentine_bazaar, uniq_roxanne
Snake:4:  hellmonk_snake_rune_quicksilver_temple, layout_chambers, serial_shops,
          nicolae_square_shop, uniq_aizul
Orc:1:    nicolae_orc_accident_2, layout_diamond_mine, basic_altar,
          nicolae_orc_flooded_monolith
Orc:2:    grunt_orc_gardens, layout_caves, grunt_orc_garden, grunt_orc_garden,
          grunt_orc_garden, grunt_orc_garden
Vaults:1: portal_desolation_entry_ruin, nicolae_vaults_storage_closets_2,
          vaults_room_hangedman_quadrants, v_misc_2, vaults_dpeg_diagonal,
          nicolae_vaults_double_plus_2, nicolae_vaults_windows_and_doors_thing,
          vaults_dpeg_encased_lava, vaults_room_grunt_arrival_ludios,
          grunt_vaults_hallway_short, ontoclasm_vaults_chip,
          layout_vaults_chaotic_city, serial_shops, nicolae_shop_window_shopping
Desolation

Skill      XL: |  1  2  3  4  5  6  7  8  9 10 11 12 13 14 15 16 17 |
---------------+----------------------------------------------------+-----
Axes           | 4 5 8 9 10 11 12 14 15 16 18 19 21 22 | 22.9
Fighting       | 4 6 7 8 10 11 12 13 14 15 16 | 16.2
Armour         | 4 5 7 8 9 11 12 13 14 15 | 15.9
Dodging        | 3 5 6 7 8 9 11 12 13 14 | 14.4
Evocations     | 1 3 4 5 7 8 9 10 11 | 11.0
Throwing       | 2 4 |  4.0

Action                     |  1- 3 |  4- 6 |  7- 9 | 10-12 | 13-15 | 16-18 || total
---------------------------+-------+-------+-------+-------+-------+-------++-------
  Melee: Hand axe          |    66 |    77 |   218 |   189 |       |       ||   550
         Headbutt          |     8 |    13 |    44 |    95 |   229 |   124 ||   513
         Punch             |     1 |       |     5 |       |       |       ||     6
         War axe           |       |       |       |    85 |       |       ||    85
         Executioner's axe |       |       |       |   184 |   924 |   501 ||  1609
 Invoke: Berserk           |       |     3 |     1 |     2 |     1 |     4 ||    11
         Brothers in Arms  |       |       |       |     1 |     2 |     1 ||     4
         Trog's Hand       |       |       |       |       |     2 |       ||     2
  Evoke: Wand              |       |       |       |     8 |    18 |       ||    26
    Use: Scroll            |       |     7 |     6 |    10 |     6 |     2 ||    31
   Stab: Distracted        |       |       |       |       |     1 |       ||     1
 Armour: Ring mail         |     2 |    20 |       |       |       |       ||    22
         Scale mail        |       |       |    25 |       |       |       ||    25
         Plate armour      |       |       |    54 |    32 |       |     4 ||    90
         Chain mail        |       |       |       |    58 |   195 |    85 ||   338
  Dodge: Dodged            |    39 |    25 |    83 |   216 |   488 |   326 ||  1177
  Block: Other             |       |    15 |    33 |    32 |   132 |    65 ||   277
         Reflection        |       |     2 |     3 |    10 |     7 |    10 ||    32
         Buckler           |       |       |    11 |   114 |       |       ||   125

Table legend: (Time is in decaauts)
 A = Elapsed time spent in this place.
 B = Non-inter-level travel time spent in this place.
 C = Inter-level travel time spent in this place.
 D = Time resting spent in this place.
 E = Time spent auto-exploring this place.
 F = Levels seen in this place.
 G = Mean time per level.
                   A        B        C        D        E       F      G
               +--------+--------+--------+--------+--------+-----+--------+
         Total |  29285 |  27778 |   1507 |   4262 |  16191 |  29 | 1009.8 |
       Dungeon |  14707 |  13843 |    864 |   1315 |   9180 |  15 |  980.5 |
          Lair |   5672 |   5235 |    437 |    512 |   3493 |   5 | 1134.4 |
     Snake Pit |   5859 |   5727 |    132 |   1521 |   2639 |   4 | 1464.8 |
  Orcish Mines |   1964 |   1891 |     73 |    372 |    795 |   2 |  982.0 |
        Vaults |     33 |     33 |      0 |      0 |      0 |   1 |   33.0 |
      Ice Cave |    827 |    827 |      0 |    461 |     83 |   1 |  827.0 |
    Desolation |    222 |    222 |      0 |     79 |      0 |   1 |  222.0 |
               +--------+--------+--------+--------+--------+-----+--------+

Top non-repeatable levels by time:
 Snake:4: 2282 daAuts
    D:10: 1626 daAuts
  Lair:2: 1487 daAuts
  Lair:5: 1472 daAuts
    D:15: 1461 daAuts
 Snake:2: 1297 daAuts
     D:6: 1290 daAuts
    D:12: 1198 daAuts
 Snake:1: 1187 daAuts
     D:3: 1133 daAuts
 Snake:3: 1091 daAuts
   Orc:2: 1088 daAuts
    D:13: 1004 daAuts
    D:14: 1001 daAuts
  Lair:3: 992 daAuts
